 Dungeon Crawl Stone Soup version 0.24-a0-443-g80245de385 (webtiles) character file.

Game seed: 15441986741180066576

218552 galech the Severer (level 18, -3/143 HPs)
             Began as a Demonspawn Fighter on June 21, 2019.
             Was the Champion of Okawaru.
             Shot with an arrow by a deep elf archer (15 damage)
             ... on level 2 of the Elven Halls.
             The game lasted 01:12:32 (33304 turns).

galech the Severer (Demonspawn Fighter)            Turns: 33304, Time: 01:12:37

Health: -3/143     AC: 22    Str: 17    XL:     18   Next: 42%
Magic:  22/22      EV: 13    Int:  6    God:    Okawaru [******]
Gold:   3524       SH:  0    Dex: 20    Spells: 17/17 levels left

rFire    + . .     SeeInvis +   K - +4 broad axe (elec)
rCold    + . .     Gourm    .   M - +10 large shield of Ignorance {rN+ Int-4}
rNeg     + . .     Faith    .   J - +4 chain mail {rF+}
rPois    +         Spirit   .   (helmet unavailable)
rElec    +         Reflect  .   v - +2 cloak {+Inv}
rCorr    .         Harm     .   Z - +1 pair of gloves of Leas {rC+}
MR       +....                  s - +0 pair of boots {Fly}
Stlth    ..........             c - amulet of regeneration
HPRegen  0.73/turn              i - +2 ring of evasion
MPRegen  0.18/turn              B - ring of Jerutani {rElec rPois}

@: confused, lethally poisoned (-3 -> -6), slowed, studying Dodging, very slow
A: antennae 3, large bone plates 3, powered by death 3, rot immunity
}: 1/15 runes: gossamer
a: Heroism, Finesse, Renounce Religion, Evoke Invisibility, Evoke Flight


You were on level 2 of the Elven Halls.
You worshipped Okawaru.
Okawaru was exalted by your worship.
You were not hungry.

You visited 6 branches of the dungeon, and saw 30 of its levels.
You visited the Abyss 1 time.
You also visited: Ice Cave and Volcano.

You collected 3524 gold pieces.

Inventory:

Hand Weapons
 x - a +2 hand axe of flaming
 K - a +4 broad axe of electrocution (weapon)
Armour
 s - a +0 pair of boots of flying (worn)
 v - a +2 cloak of invisibility (worn)
 E - the +1 ring mail of Dim Light {-Cast rN+++ Regen+ Str-5}
   (You found it on level 1 of the Elven Halls)

   It affects your strength (-5).
   It renders you almost immune to negative energy.
   It prevents spellcasting.
   It increases your rate of regeneration.
 J - a +4 chain mail of fire resistance (worn)
 M - the +10 large shield of Ignorance (worn) {rN+ Int-4}
   (You found it on level 2 of the Orcish Mines)

   It affects your intelligence (-4).
   It protects you from negative energy.
 Y - a +1 pair of gloves of strength
 Z - the +1 pair of gloves of Leas (worn) {rC+}
   (Okawaru gifted it to you on level 6 of the Lair of Beasts)

   It protects you from cold.
Jewellery
 c - an amulet of regeneration (around neck)
 i - a +2 ring of evasion (left hand)
 z - an uncursed ring of protection from fire
 A - an uncursed ring of protection from magic
 B - the ring of Jerutani (right hand) {rElec rPois}
   (You found it in an ice cave)

   [ring of poison resistance]

   It insulates you from electricity.
   It protects you from poison.
 G - an uncursed ring of protection from fire
 S - an uncursed ring of protection from cold
 U - a +3 ring of dexterity
 W - an uncursed ring of resist corrosion
 X - an uncursed ring of ice
Wands
 F - a wand of polymorph (8)
 N - a wand of paralysis (18)
 O - a wand of digging (7)
Scrolls
 b - 2 scrolls of summoning
 o - 11 scrolls of remove curse
 p - 4 scrolls of magic mapping
 q - 3 scrolls of blinking
 r - 11 scrolls of teleportation
 y - 3 scrolls of enchant armour
 D - 6 scrolls of amnesia
 H - 3 scrolls of brand weapon
 P - 2 scrolls of silence
 Q - 7 scrolls of fog
 V - 3 scrolls of fear
Potions
 d - 7 potions of might
 e - 10 potions of curing
 g - 2 potions of ambrosia
 h - 9 potions of flight
 j - 7 potions of heal wounds
 k - 3 potions of lignification
 l - 4 potions of magic
 m - a potion of mutation
 n - 4 potions of invisibility
 t - 5 potions of agility {unknown}
 w - 2 potions of cancellation
 C - 9 potions of brilliance
 L - 6 potions of haste
 R - 2 potions of berserk rage
 T - 3 potions of resistance
Books
 a - a manual of Dodging
Comestibles
 f - 58 rations
 u - a chunk of flesh


   Skills:
 + Level 13.3 Fighting
 + Level 17.8 Axes
 + Level 9.9 Armour
 + Level 9.4 Dodging
 + Level 3.3 Stealth
 + Level 17.3 Shields
 + Level 5.7 Invocations


You had 17 spell levels left.
You didn't know any spells.
Your spell library contained the following spells:

 Spells                   Type           Power        Failure   Level  Hunger
 Animate Skeleton         Necr           N/A          100%        1    ##.....
 Apportation              Tloc           #.....       100%        1    ##.....
 Confusing Touch          Hex            #.....       100%        1    ##.....
 Corona                   Hex            #......      100%        1    ##.....
 Flame Tongue             Conj/Fire      #....        100%        1    ##.....
 Magic Dart               Conj           #...         100%        1    ##.....
 Sandblast                Erth           #.....       100%        1    ##.....
 Sting                    Conj/Pois      #...         100%        1    ##.....
 Summon Small Mammal      Summ           #...         100%        1    ##.....
 Blink                    Tloc           N/A          100%        2    ###....
 Call Imp                 Summ           #.......     100%        2    ###....
 Passwall                 Tmut/Erth      #.......     100%        2    ###....
 Poisonous Vapours        Pois/Air       #.....       100%        2    ###....
 Slow                     Hex            #.......     100%        2    ###....
 Throw Flame              Conj/Fire      #.....       100%        2    ###....
 Call Canine Familiar     Summ           #.......     100%        3    ####...
 Conjure Flame            Conj/Fire      #.......     100%        3    ####...
 Ignite Poison            Fire/Tmut/Pois #.......     100%        3    ####...
 Inner Flame              Hex/Fire       #.......     100%        3    ####...
 Mephitic Cloud           Conj/Pois/Air  #.......     100%        3    ####...
 Portal Projectile        Hex/Tloc       #.....       100%        3    ####...
 Recall                   Summ/Tloc      N/A          100%        3    ####...
 Stone Arrow              Conj/Erth      #.....       100%        3    ####...
 Summon Guardian Golem    Hex/Summ       #.......     100%        3    ####...
 Animate Dead             Necr           N/A          100%        4    #####..
 Cause Fear               Hex            #.........   100%        4    #####..
 Leda's Liquefaction      Hex/Erth       #.........   100%        4    #####..
 Olgreb's Toxic Radiance  Pois           #.......     100%        4    #####..
 Petrify                  Tmut/Erth      #.......     100%        4    #####..
 Sticky Flame             Conj/Fire      #.......     100%        4    #####..
 Summon Ice Beast         Ice/Summ       #.......     100%        4    #####..
 Summon Lightning Spire   Summ/Air       #.......     100%        4    #####..
 Bolt of Magma            Conj/Fire/Erth #.........   100%        5    ######.
 Borgnjor's Vile Clutch   Necr/Erth      #.........   100%        5    ######.
 Fireball                 Conj/Fire      #.........   100%        5    ######.
 Iskenderun's Battlesphe  Conj/Chrm      #.......     100%        5    ######.
 Lee's Rapid Deconstruct  Erth           #.........   100%        5    ######.
 Venom Bolt               Conj/Pois      #.........   100%        5    ######.
 Death Channel            Necr           #.........   100%        6    #######
 Iron Shot                Conj/Erth      #.........   100%        6    #######
 Simulacrum               Ice/Necr       #.........   100%        6    #######
 Orb of Destruction       Conj           #.........   100%        7    #######
 Spellforged Servitor     Conj/Summ      #.........   100%        7    #######


Dungeon Overview and Level Annotations

Branches:
Dungeon (15/15)            Temple (1/1) D:4            Lair (6/6) D:11
 Shoals (0/4) Lair:3       Spider (4/4) Lair:3        Slime (0/5) Lair:6
    Orc (2/2) D:10            Elf (2/3) Orc:2        Vaults (0/5) D:13
 Depths (0/5) D:15

Altars:
Ashenzari
Cheibriados
Dithmenos
Elyvilon
Fedhas
Gozag
Hepliaklqana
Kikubaaqudgha
Makhleb
Nemelex Xobeh
Okawaru
Qazlal
Ru
Sif Muna
Trog
Uskayaw
Vehumet
Wu Jian
Xom
Yredelemnul
Zin
The Shining One
Jiyva

Shops:
D:5 *   Orc:2 %=}:   Elf:2 }

Annotations:
Orc:2 1 runed translucent door, exclusion: 4 orange crystal statues
Elf:2 3 runed translucent doors


Innate Abilities, Weirdness & Mutations

You have a pair of large antennae on your head. (SInv)
You are completely covered in large bone plates. (SH +8)
You regenerate a lot of health from kills.
You are immune to rotting.


Message History

The bolt of fire hits you! You resist.
The deep elf archer unwields a +0 dagger.
The deep elf archer wields a +0 shortbow.
The deep elf archer shoots an arrow.
The arrow hits you! The +3 battleaxe of venom hits you!!
* * * LOW HITPOINT WARNING * * *
You are more poisoned.
You're too confused to move!
You feel sick.
The deep elf mage gestures at you while chanting.
The bolt of lightning hits the fire elemental!
The fire elemental resists.
The bolt of lightning hits you. You resist.
* * * LOW HITPOINT WARNING * * *
The bolt of lightning hits you. You resist.
* * * LOW HITPOINT WARNING * * *
The deep elf mage casts a spell at you. The bolt of fire hits you! You resist.
* * * LOW HITPOINT WARNING * * *
The +3 battleaxe of venom hits you but does no damage.
The deep elf archer shoots an arrow.
The arrow hits you!
You die...

#.............##.
#..<....##....... .###
####...###........ #.#.#
#.......##........
.......##+##.##........
.# #.#.#.# ..#...........
... .....+...+.##..).....
#.#○#.#.#...#.##........
..e.○○E@##+##..<........
#.#.#e#(...>e...........
....☼eE##.#####.........
.#.#.#E###.# #.####...#
.....Eee{§(## ##...##....
.#.#.#§#§##.###..#.......
...)..§e##........##'##.
###########....#..#...#.
#.##....'.))'.


You could see a deep elf archer, 2 earth elementals, 3 deep elf magi, 2 fire
elementals and a +3 battleaxe of venom.

Vanquished Creatures
  Arachne (Spider:4)
  A tentacled starspawn (Abyss:2)
  A storm dragon (D:13)
  The ghost of kidcy the Champion of Chaos, an adept HOFi of Makhleb (Spider:1)
  The ghost of Zetait the Severer, a journeyman MiBe of Trog (Orc:1)
  A fire giant (D:13)
  An azure jelly (Lair:6)
  A deep elf sorcerer (Elf:1)
  8 ghost moths
  4 emperor scorpions
  The ghost of forest the Imperceptible, an adept SpAs of Dithmenos (Spider:3)
  2 entropy weavers (Spider:1)
  A caustic shrike skeleton (D:15)
  3 spark wasps (Spider:4)
  Azrael (D:15)
  A fire dragon (Lair:6)
  Snorg (Orc:1)
  A deep elf death mage (Elf:1)
  5 hydras
  2 vault guards (D:13)
  Fannar (D:10)
  5 centaur warriors
  Erica (Lair:2)
  2 death knights
  17 dancing weapons
  2 two-headed ogres
  3 death yaks (Lair:4)
  A vampire mage (D:15)
  3 ogre magi (D:14)
  Urug (Lair:4)
  A deep troll earth mage (D:14)
  The ghost of aaksess the Unseen, a journeyman SpEn of Gozag (D:11)
  A tengu warrior (D:10)
  4 orc high priests
  4 thrashing horrors (Abyss:2)
  6 deep elf knights
  2 skeletal warriors (D:15)
  3 unseen horrors
  6 deep elf archers (Elf:1)
  A swamp dragon (Lair:6)
  A necromancer (D:15)
  A phantasmal warrior (D:13)
  A lindwurm (Lair:1)
  25 deep elf magi
  5 wizards
  5 oklob plants
  6 orc knights
  25 orb spiders
  4 manticores
  21 wolf spiders
  A fire giant zombie (D:15)
  4 ugly things
  8 orc sorcerers
  4 cyclopes
  3 moths of wrath
  A salamander (shapeshifter) (D:13)
  3 black mambas
  2 centaur zombies
  Maurice (D:13)
  13 elephants
  4 torpor snails
  A merfolk siren (Lair:3)
  A molten gargoyle (Volcano)
  An orange demon (Abyss:2)
  9 spiny frogs
  2 ice statues (IceCv)
  3 gargoyles
  A large abomination (Abyss:2)
  A spectral redback (Spider:1)
  An efreet (D:15)
  A kobold demonologist (D:14)
  A yaktaur (D:13)
  10 komodo dragons
  12 demonic crawlers
  A hellion (Abyss:2)
  A yaktaur (shapeshifter) (D:13)
  5 tengu conjurers (D:14)
  2 rime drakes
  An entropy weaver simulacrum (Spider:1)
  2 ghost moth simulacra (Spider:1)
  36 jumping spiders
  An ancient zyme (Abyss:2)
  3 meliai (D:14)
  10 polar bears
  2 spectral tarantellas (Spider:1)
  3 trolls
  A polar bear (shapeshifter) (D:11)
  11 hornets
  8 raiju
  21 blink frogs
  A spectral jumping spider (Spider:1)
  A wolf spider simulacrum (Spider:1)
  16 dream sheep
  2 deep troll skeletons (D:15)
  5 hippogriffs
  A centaur simulacrum (D:15)
  7 spriggans (Lair:2)
  A shadow (D:11)
  63 redbacks
  4 wraiths
  3 air elementals
  32 tarantellas
  5 water elementals
  A wyvern (D:12)
  10 fire elementals
  20 humans
  3 fire bats (Abyss:2)
  4 hogs (D:7)
  4 basilisks
  2 steam dragons (Lair:6)
  39 yaks
  A hog (shapeshifter) (Elf:1)
  Grum (D:8)
  4 golden eyes (Abyss:2)
  A redback simulacrum (Spider:1)
  6 hungry ghosts
  4 vampire mosquitoes (D:15)
  A chaos spawn (Abyss:2)
  7 wargs
  Edmund (D:5)
  4 acid dragons
  16 water moccasins
  9 porcupines
  13 hell hounds
  2 swamp drakes (Lair:6)
  13 black bears
  A jumping spider simulacrum (Spider:1)
  A small abomination (Abyss:2)
  11 starcursed masses (Abyss:2)
  28 orc warriors
  5 sky beasts
  14 ice beasts
  A necrophage (D:9)
  6 eyes of draining
  12 ogres
  4 phantoms
  23 wolves
  6 boggarts
  17 crocodiles
  23 centaurs
  6 big kobolds
  19 bullfrogs
  An earth elemental (Elf:1)
  A hornet simulacrum (Spider:1)
  6 scorpions
  A wight (D:9)
  13 killer bees
  6 howler monkeys
  5 electric eels
  2 bullfrog zombies
  12 crimson imps
  3 quasits
  5 hounds
  Crazy Yiuf (D:6)
  3 jellies
  15 orc priests
  3 bullfrog skeletons
  7 centaur skeletons
  7 iguanas
  Natasha (D:2)
  28 orc wizards
  7 worker ants
  A killer bee zombie (D:6)
  A hound zombie (D:9)
  Robin (D:3)
  3 worker ant zombies
  6 gnolls
  10 adders
  13 white imps
  3 worms
  6 dart slugs
  6 leopard geckos
  88 orcs
  2 giant cockroaches
  18 goblins
  6 hobgoblins
  19 jackals
  9 quokkas
  7 bats
  6 frilled lizards
  A jackal skeleton (D:5)
  23 kobolds
  A leopard gecko skeleton (D:5)
  A quokka zombie (D:6)
  14 rats
  2 crawling corpses (Elf:1)
  4 fungi
  8 plants
  2 starspawn tentacles (Abyss:2)
  A withered plant (D:15)
1266 creatures vanquished.

Vanquished Creatures (others)
  A spectral wolf spider (Spider:1)
  An orb spider (Spider:2)
  A jumping spider (Spider:4)
  A redback (Spider:1)
  2 tarantellas
  An electric eel (D:12)
  4 fungi
  23 plants
  A starspawn tentacle (Abyss:2)
35 creatures vanquished.

Grand Total: 1301 creatures vanquished

Notes
Turn   | Place    | Note
-------+----------+-------------------------------------------
     0 | D:1      | galech the Demonspawn Fighter began the quest for the Orb.
     0 | D:1      | Reached XP level 1. HP: 18/18 MP: 1/1
   172 | D:1      | Gained mutation: You are immune to rotting. [demonic
                  | ancestry]
   172 | D:1      | Reached XP level 2. HP: 24/24 MP: 2/2
   879 | D:1      | Gained mutation: You have a pair of small antennae on your
                  | head. [demonic ancestry]
   879 | D:1      | Reached XP level 3. HP: 26/29 MP: 3/3
  1393 | D:2      | Found a sacrificial altar of Ru.
  1549 | D:2      | Noticed Natasha
  1553 | D:2      | Killed Natasha
  1553 | D:2      | Gained mutation: You regenerate a little health from kills.
                  | [demonic ancestry]
  1553 | D:2      | Reached XP level 4. HP: 33/37 MP: 4/4
  2691 | D:3      | Noticed Robin
  2716 | D:3      | Killed Robin
  2716 | D:3      | Gained mutation: You are partially covered in large bone
                  | plates. (SH +4) [demonic ancestry]
  2716 | D:3      | Reached XP level 5. HP: 42/42 MP: 5/5
  4071 | D:4      | Noticed a phantom
  4091 | D:4      | Killed a phantom
  4091 | D:4      | Gained mutation: You are mostly covered in large bone
                  | plates. (SH +6) [demonic ancestry]
  4091 | D:4      | Reached XP level 6. HP: 45/48 MP: 6/6
  4147 | D:4      | Found a staircase to the Ecumenical Temple.
  4152 | Temple   | Entered the Ecumenical Temple
  4427 | D:4      | Reached skill level 1 in Dodging
  4470 | D:4      | Noticed a hungry ghost
  4512 | D:4      | Killed a hungry ghost
  4676 | D:5      | Entered Level 5 of the Dungeon
  4700 | D:5      | Reached XP level 7. HP: 53/55 MP: 7/7
  4754 | D:5      | Noticed Edmund
  4768 | D:5      | Killed Edmund
  5117 | D:5      | Found an ornate altar of the Wu Jian Council.
  5405 | D:5      | Found Piffec's Assorted Antiques.
  5442 | D:5      | Found a snail-covered altar of Cheibriados.
  5443 | D:5      | Found a stormy altar of Qazlal.
  5546 | D:6      | Reached skill level 5 in Shields
  5546 | D:6      | Reached XP level 8. HP: 55/61 MP: 8/8
  5563 | D:6      | Reached skill level 5 in Axes
  5569 | D:6      | Found a white marble altar of Elyvilon.
  5754 | D:6      | Found an iron altar of Okawaru.
  5763 | D:6      | Became a worshipper of Warmaster Okawaru
  6023 | D:6      | Found a runed translucent door.
  6024 | D:6      | Noticed Crazy Yiuf
  6032 | D:6      | Killed Crazy Yiuf
  6370 | D:7      | Reached skill level 5 in Fighting
  6474 | D:7      | Reached * piety under Okawaru
  6474 | D:7      | Reached skill level 1 in Stealth
  6478 | D:7      | Gained mutation: You are completely covered in large bone
                  | plates. (SH +8) [demonic ancestry]
  6478 | D:7      | Reached XP level 9. HP: 62/68 MP: 9/9
  6482 | D:7      | Reached skill level 5 in Armour
  6563 | D:7      | Found a hazy altar of Hepliaklqana.
  6836 | D:7      | Reached ** piety under Okawaru
  7632 | D:8      | Noticed Grum
  7644 | D:8      | Reached *** piety under Okawaru
  7673 | D:8      | Killed Grum
  7765 | D:8      | Found an opulent altar of Gozag.
  8140 | D:9      | Gained mutation: You have a pair of antennae on your head.
                  | [demonic ancestry]
  8140 | D:9      | Reached XP level 10. HP: 65/76 MP: 10/10
  8192 | D:9      | Reached **** piety under Okawaru
  8538 | D:9      | Found a runed translucent door.
  8757 | D:9      | Found a basalt altar of Yredelemnul.
  8837 | D:9      | Found a runed translucent door.
  9091 | D:10     | Entered Level 10 of the Dungeon
  9100 | D:10     | Noticed a gargoyle
  9122 | D:10     | Noticed an unseen horror
  9143 | D:10     | Killed an unseen horror
  9143 | D:10     | Reached skill level 1 in Invocations
  9183 | D:10     | Killed a gargoyle
  9470 | D:10     | Reached skill level 5 in Dodging
  9502 | D:10     | Noticed a tengu warrior
  9505 | D:10     | Reached ***** piety under Okawaru
  9879 | D:10     | Noticed Fannar
  9906 | D:10     | Killed Fannar
  9906 | D:10     | Received a gift from Okawaru
  9906 | D:10     | Reached XP level 11. HP: 58/83 MP: 12/12
 10019 | D:10     | Noticed a four-headed hydra
 10062 | D:10     | Killed a tengu warrior
 10320 | D:10     | Found a staircase to the Orcish Mines.
 10426 | D:10     | Killed a one-headed hydra
 10713 | D:11     | Found a runed translucent door.
 10713 | D:11     | Noticed aaksess's ghost (journeyman SpEn)
 10721 | D:11     | Noticed a two-headed ogre
 10735 | D:11     | Killed a two-headed ogre
 10744 | D:11     | Noticed a red ugly thing
 10771 | D:11     | Killed a red ugly thing
 10971 | D:11     | Found a staircase to the Lair.
 11021 | D:11     | Reached skill level 10 in Shields
 11064 | D:11     | Received a gift from Okawaru
 11201 | D:11     | Noticed a death knight
 11239 | D:11     | Killed a death knight
 11239 | D:11     | Reached skill level 10 in Axes
 11892 | Lair:1   | Entered Level 1 of the Lair of Beasts
 11919 | Lair:1   | Reached XP level 12. HP: 75/91 MP: 10/13
 11965 | Lair:1   | Found a dark tunnel.
 11974 | Volcano  | Entered a volcano
 12261 | Lair:1   | Received a gift from Okawaru
 12944 | Lair:1   | Noticed an eight-headed hydra
 12961 | Lair:1   | Killed a one-headed hydra
 14830 | Lair:2   | Noticed Erica
 14842 | Lair:2   | Killed Erica
 15138 | Lair:2   | Received a gift from Okawaru
 15275 | Lair:3   | Found a hole to the Spider Nest.
 15301 | Lair:3   | Gained mutation: You regenerate health from kills. [demonic
                  | ancestry]
 15301 | Lair:3   | Reached XP level 13. HP: 75/98 MP: 15/15
 15876 | Lair:3   | Found a staircase to the Shoals.
 16942 | Lair:4   | Noticed Urug
 16980 | Lair:4   | Killed Urug
 17652 | Lair:5   | Found a frozen archway.
 17706 | IceCv    | Entered an ice cave
 17709 | IceCv    | Found a transporter.
 17791 | IceCv    | Found a transporter.
 17818 | IceCv    | Received a gift from Okawaru
 17859 | IceCv    | Got a smoking silver ring
 17861 | IceCv    | Identified the ring of Jerutani {rElec rPois} (You found it
                  | in an ice cave)
 18739 | Lair:6   | Entered Level 6 of the Lair of Beasts
 18988 | Lair:6   | Gained mutation: You regenerate a lot of health from kills.
                  | [demonic ancestry]
 18988 | Lair:6   | Reached XP level 14. HP: 108/108 MP: 16/16
 19071 | Lair:6   | Reached ****** piety under Okawaru
 19176 | Lair:6   | Received a gift from Okawaru
 19181 | Lair:6   | Got a pair of twisted gloves {god gift}
 19200 | Lair:6   | Identified the +1 pair of gloves of Leas {rC+} (Okawaru
                  | gifted it to you on level 6 of the Lair of Beasts)
 20167 | Lair:6   | Reached skill level 10 in Fighting
 20277 | Lair:6   | Found a runed translucent door.
 20278 | Lair:6   | Found a viscous altar of Jiyva.
 20279 | Lair:6   | Noticed an azure jelly
 20280 | Lair:6   | Found a staircase to the Slime Pits.
 20305 | Lair:6   | Killed an azure jelly
 21131 | D:11     | Killed aaksess's ghost
 21190 | Orc:1    | Entered Level 1 of the Orcish Mines
 21362 | Orc:1    | Reached skill level 5 in Invocations
 21400 | Orc:1    | Found a runed translucent gate.
 21403 | Orc:1    | Noticed Zetait's ghost (journeyman MiBe)
 21404 | Orc:1    | Found a runed translucent gate.
 21404 | Orc:1    | Found a runed translucent gate.
 21427 | Orc:1    | Noticed Snorg
 21446 | Orc:1    | Killed Snorg
 21979 | Orc:1    | Killed Zetait's ghost
 21979 | Orc:1    | Received a gift from Okawaru
 22316 | Orc:2    | Entered Level 2 of the Orcish Mines
 22385 | Orc:2    | Found a runed translucent door.
 22388 | Orc:2    | Found the +10 large shield of Ignorance {rN+ Int-4}
 22438 | Orc:2    | Noticed a stone giant
 22438 | Orc:2    | Found a runed translucent door.
 22815 | Orc:2    | Reached XP level 15. HP: 117/117 MP: 18/18
 22921 | Orc:2    | Found Qodur's Book Emporium.
 22921 | Orc:2    | Found Weutseut's Gadget Boutique.
 22929 | Orc:2    | Found Emycilab's Jewellery Emporium.
 22929 | Orc:2    | Found Noipam's Food Boutique.
 22974 | Orc:2    | Found a staircase to the Elven Halls.
 24610 | D:13     | Noticed Maurice
 24625 | D:13     | Killed Maurice
 24789 | D:13     | Found a large runed translucent door.
 24794 | D:13     | Received a gift from Okawaru
 24806 | D:13     | Got a pair of faintly humming gloves {god gift}
 24817 | D:13     | Identified the -5 pair of gloves "Mibigoan" {+Fly Dex-3
                  | SInv} (Okawaru gifted it to you on level 13 of the Dungeon)
 25054 | D:13     | Reached skill level 15 in Axes
 25081 | D:13     | Got a heavily runed ring mail
 25092 | D:13     | Identified the +1 ring mail of Etotyive {+Inv rC+ rCorr
                  | Int-2} (You found it on level 13 of the Dungeon)
 25112 | D:13     | Found a large runed translucent door.
 25346 | D:13     | Found a gate to the Vaults.
 25599 | D:13     | Noticed a fire giant
 25602 | D:13     | Noticed a storm dragon
 25611 | D:13     | Killed a fire giant
 25636 | D:13     | Killed a storm dragon
 25644 | D:13     | Found a blossoming altar of Fedhas.
 25647 | D:13     | Found a shattered altar of Ashenzari.
 26066 | D:14     | Found a deep blue altar of Sif Muna.
 26067 | D:14     | Found a transporter.
 26433 | D:15     | Entered Level 15 of the Dungeon
 26441 | D:15     | Received a gift from Okawaru
 27037 | D:15     | Found a staircase to the Depths.
 27312 | D:15     | Found a deep blue altar of Sif Muna.
 27360 | D:15     | Noticed Azrael
 27372 | D:15     | Gained mutation: You have a pair of large antennae on your
                  | head. (SInv) [demonic ancestry]
 27372 | D:15     | Reached XP level 16. HP: 92/125 MP: 19/19
 27376 | D:15     | Killed Azrael
 27919 | D:14     | Received a gift from Okawaru
 27989 | D:14     | Found a transporter.
 28169 | Spider:1 | Entered Level 1 of the Spider Nest
 28225 | Spider:1 | You fall into a shaft and drop 1 floor!
 28411 | Spider:2 | Reached skill level 15 in Shields
 28926 | Spider:1 | Found a runed translucent gate.
 28926 | Spider:1 | Found a runed translucent gate.
 28926 | Spider:1 | Found a runed translucent gate.
 28926 | Spider:1 | Noticed kidcy's ghost (adept HOFi)
 29082 | Spider:1 | Received a gift from Okawaru
 29209 | Spider:1 | Killed kidcy's ghost
 29587 | Spider:3 | Reached XP level 17. HP: 133/133 MP: 21/21
 29706 | Spider:3 | Found a transporter.
 29732 | Spider:3 | Found a transporter.
 29733 | Spider:3 | Noticed forest's ghost (adept SpAs)
 29797 | Spider:3 | Killed forest's ghost
 29805 | Spider:3 | Got a pair of jewelled gloves
 29816 | Spider:3 | Identified the +0 pair of gloves of Blue Skies {rPois
                  | Regen+ Dex-2 Stlth+} (You found it on level 3 of the Spider
                  | Nest)
 29842 | Spider:3 | Identified the Volume of Envenoming
 29994 | Spider:4 | Entered Level 4 of the Spider Nest
 30440 | Spider:4 | Received a gift from Okawaru
 30755 | Spider:4 | Noticed Arachne
 30863 | Spider:4 | Received a gift from Okawaru
 30944 | Spider:4 | Killed Arachne
 31264 | Spider:4 | Got a gossamer rune of Zot
 31686 | Elf:1    | Entered Level 1 of the Elven Halls
 31737 | Elf:1    | Received a gift from Okawaru
 31949 | Elf:1    | Cast into level 2 of the Abyss (a deep elf sorcerer)
 32092 | Abyss:2  | Reached XP level 18. HP: 138/142 MP: 22/22
 32276 | Elf:1    | Escaped the Abyss
 32459 | Elf:1    | Got an encrusted ring mail
 32470 | Elf:1    | Identified the cursed +1 ring mail of Dim Light {-Cast
                  | rN+++ Regen+ Str-5} (You found it on level 1 of the Elven
                  | Halls)
 32981 | Elf:2    | Received a gift from Okawaru
 33098 | Elf:2    | Found Wuan's Gadget Emporium.
 33176 | Elf:2    | Found a runed translucent gate.
 33176 | Elf:2    | Found a runed translucent gate.
 33177 | Elf:2    | Found a runed translucent gate.
 33304 | Elf:2    | Shot with an arrow by a deep elf archer

Levels and vault maps discovered:
D:1:      dpeg_arrival_oval, layout_basic
D:2:      layout_basic, nicolae_ru_path_of_blood, uniq_natasha
D:3:      layout_loops_cross, uniq_robin
D:4:      layout_loops_cross, minmay_temple_entry_nine_rooms
D:5:      layout_loops_ring, gammafunk_temple_overflow_pools,
          lemuel_doored_altar, serial_shops, shop, first_ration, uniq_edmund
D:6:      layout_cave_pools, elyvilon_altar_3, nrook_uturn,
          kennysheep_okawaru_gauntlet, uniq_crazy_yiuf_cottage
D:7:      layout_basic, overflow_temple_1_default, grunt_livestock
D:8:      layout_loops_ring, marbit_many_paths, patterned_corridor, uniq_grum
D:9:      cheibrodos_histonic, layout_long_grid, lemuel_coloured_pillars_altar,
          minmay_bent
D:10:     layout_stronghold, orc_0_dummy, kb_rosetta, uniq_fannar
D:11:     layout_loops_ring, lair_entry_dummy, gammafunk_ghost_grave
D:12:     layout_small_grid, dk_noncrumbling_2, lemuel_freeze_loot_1
D:13:     layout_stronghold, grunt_vaults_entry_tiered, jmf_multi_god_temple2,
          uniq_maurice
D:14:     gammafunk_sealed_library, layout_irregular_city,
          minmay_misc_feat_four_crosses
D:15:     gammafunk_depths_entry_grave, layout_basic, lemuel_centaur_altar,
          uniq_azrael
Temple:   eino_temple_lava
Lair:1:   layout_regular_city, nicolae_volcano_entry_vermiform
Lair:2:   kb_forest_paths, layout_hall_layers, uniq_erica
Lair:3:   layout_chaotic_city, minmay_shoals_entry_lonely_mermaid,
          dummy_spider_entry, lemuel_old_faithful
Lair:4:   layout_regular_city, serial_bayou_lagoon_b, minmay_lair_oklob_chamber,
          infiniplex_staircase_pool, serial_bayou_shore_a, uniq_urug
Lair:5:   layout_long_grid, portal_ice_cave_entry_imps
Lair:6:   hangedman_lair_caniforms_friends, layout_gridlike,
          guppyfry_lair_end_dragon, slime_altar_2
Spider:1: layout_spider_delve, gammafunk_ghost_necromancy
Spider:2: layout_spider_delve
Spider:3: layout_spider_delve, gammafunk_ghost_berserking_beasts
Spider:4: johnstein_spider_rune_arachne_lair
Orc:1:    layout_caves, gammafunk_ghost_split, uniq_snorg
Orc:2:    grunt_orc_tribal_feast, layout_caves, nicolae_orc_rockfall,
          chequers_guarded_unrand_ignorance
Elf:1:    layout_geoelf_octagon, hangedman_elf_disciples
Elf:2:    layout_loops_cross, serial_shops,
          nicolae_shop_temple_entry_statues_fountains, st_stairs_11, uniq_donald

Skill      XL: |  1  2  3  4  5  6  7  8  9 10 11 12 13 14 15 16 17 18 |
---------------+-------------------------------------------------------+-----
Shields        | 3 4 5 6 7 9 10 11 12 13 14 15 16 17 | 17.3
Axes           | 2 3 4 6 7 9 10 11 13 14 15 16 17 | 17.8
Armour         | 3 4 5 6 7 8 9 |  9.9
Fighting       | 4 5 6 7 8 9 10 11 12 13 | 13.3
Dodging        | 1 3 4 5 6 7 8 9 |  9.4
Stealth        | 1 2 3 |  3.3
Invocations    | 1 2 3 5 |  5.7

Action                   |  1- 3 |  4- 6 |  7- 9 | 10-12 | 13-15 | 16-18 || total
-------------------------+-------+-------+-------+-------+-------+-------++-------
Melee: War axe           |    71 |       |       |   501 |  1286 |       ||  1858
       Hand axe          |    45 |   198 |   365 |   480 |    34 |       ||  1122
       Broad axe         |       |       |       |       |   687 |  1644 ||  2331
Invok: Heroism           |       |       |       |    17 |    21 |     7 ||    45
       Finesse           |       |       |       |       |    10 |     5 ||    15
 Abil: Stop Flying       |       |       |       |       |     2 |     1 ||     3
       Evoke Flight      |       |       |       |       |     1 |     1 ||     2
  Use: Scroll            |       |     2 |     3 |    13 |    15 |    10 ||    43
       Potion            |       |       |       |     5 |     4 |     2 ||    11
 Stab: Sleeping          |       |       |     1 |     6 |       |       ||     7
       Distracted        |       |       |       |       |       |     1 ||     1
  Eat: Chunk             |     2 |    16 |    22 |    22 |    36 |    22 ||   120
       Ration            |       |       |       |     1 |     2 |       ||     3
Armor: Scale mail        |    58 |    61 |     9 |       |       |       ||   128
       Ring mail         |       |       |    35 |    90 |       |       ||   125
       Chain mail        |       |       |       |    60 |   525 |   420 ||  1005
       Acid dragon scale |       |       |       |       |     3 |       ||     3
Dodge: Dodged            |    35 |    48 |    96 |   287 |   572 |   396 ||  1434
Block: Shield            |    60 |    99 |   341 |   865 |  1290 |       ||  2655
       Large shield      |       |       |       |       |   846 |  2392 ||  3238

Table legend:
 A = Non-vault XP
 B = Vault XP
 C = Vault XP percentage of total XP
 D = Non-vault monster count
 E = Vault monster count
 F = Vault count percentage of total count
                 A         B        C        D         E       F
            +---------+---------+-------+---------+---------+-------
      Total |  197367 |  129013 |  39.5 |     890 |     362 |  28.9
            +---------+---------+-------+---------+---------+-------
        D:1 |      51 |       0 |   0.0 |      28 |       0 |   0.0
        D:2 |      51 |      35 |  40.7 |      25 |       1 |   3.8
        D:3 |     136 |      34 |  20.0 |      32 |      11 |  25.6
        D:4 |     422 |       0 |   0.0 |      19 |       0 |   0.0
        D:5 |     391 |     164 |  29.5 |      14 |       1 |   6.7
        D:6 |     580 |      42 |   6.8 |      16 |       1 |   5.9
        D:7 |     509 |     992 |  66.1 |      19 |       5 |  20.8
        D:8 |    1108 |     704 |  38.9 |      23 |       6 |  20.7
        D:9 |    2740 |    2143 |  43.9 |      38 |      20 |  34.5
       D:10 |    2536 |    3219 |  55.9 |      24 |       5 |  17.2
       D:11 |    7511 |     869 |  10.4 |      50 |       1 |   2.0
       D:12 |    3206 |       0 |   0.0 |      19 |       0 |   0.0
       D:13 |    8742 |   14504 |  62.4 |      37 |      32 |  46.4
       D:14 |    8157 |    7390 |  47.5 |      35 |      17 |  32.7
       D:15 |    6607 |    7975 |  54.7 |      23 |      18 |  43.9
     Lair:1 |    5359 |     630 |  10.5 |      22 |       1 |   4.3
     Lair:2 |    4890 |    3525 |  41.9 |      23 |      12 |  34.3
     Lair:3 |    5403 |     451 |   7.7 |      16 |       1 |   5.9
     Lair:4 |    3944 |    4430 |  52.9 |      12 |      10 |  45.5
     Lair:5 |    5437 |     125 |   2.2 |      19 |      12 |  38.7
     Lair:6 |   14415 |   14972 |  50.9 |      51 |      73 |  58.9
   Spider:1 |   25107 |    5529 |  18.0 |      73 |      13 |  15.1
   Spider:2 |    8001 |       0 |   0.0 |      25 |       0 |   0.0
   Spider:3 |   11025 |    6621 |  37.5 |      29 |       9 |  23.7
   Spider:4 |   15394 |   31686 |  67.3 |      41 |      51 |  55.4
      Orc:1 |    4788 |    3540 |  42.5 |      48 |       7 |  12.7
      Orc:2 |    2323 |    7828 |  77.1 |      27 |      30 |  52.6
      Elf:1 |   24427 |    6156 |  20.1 |      44 |       9 |  17.0
      Elf:2 |   12320 |    1799 |  12.7 |      21 |       2 |   8.7
    Abyss:2 |   11787 |       0 |   0.0 |      37 |       0 |   0.0
      IceCv |       0 |    2613 | 100.0 |       0 |      10 | 100.0
    Volcano |       0 |    1037 | 100.0 |       0 |       4 | 100.0
            +---------+---------+-------+---------+---------+-------
